 Dungeon Crawl Stone Soup version 0.17-a0-186-g8d083fd (webtiles) character file.

25 xeno23 the Magician (level 2, 0/20 HPs)
             Began as a Draconian Wizard on Mar 26, 2015.
             Succumbed to Sigmund's poison
             ... on level 2 of the Dungeon.
             The game lasted 00:03:23 (859 turns).

xeno23 the Magician (Draconian Wizard)               Turns: 859, Time: 00:03:23

Health: 0/20       AC:  4    Str:  9    XL:     2   Next: 86%
Magic:  2/6        EV: 12    Int: 18    God:
Gold:   29         SH:  0    Dex:  9    Spells: 3 memorised, 3 levels left

rFire  . . .     SeeInvis +     a - +0 club
rCold  . . .     Clarity  .     (armour unavailable)
rNeg   . . .     SustAb   .     (no shield)
rPois  .         Gourm    .     b - +0 hat
rElec  .         Spirit   .     (no cloak)
rCorr  .         Warding  .     (no gloves)
rMut   .         Stasis   .     (no boots)
MR     .....                    (no amulet)
Stlth  +.........               (no ring)
                                h - ring of see invisible

@: confused, lethally poisoned (0 -> -14), very slightly contaminated, not
resistant to hostile enchantments, very unstealthy
A: unfitting armour, cold-blooded, AC +4
a: no special abilities


You were on level 2 of the Dungeon.
You were not hungry.

You visited 1 branch of the dungeon, and saw 2 of its levels.

You collected 29 gold pieces.

Inventory:

Hand weapons
 a - a +0 club (weapon)
Armour
 b - a +0 hat (worn)
Jewellery
 h - a ring of see invisible (left hand)
Scrolls
 g - 2 scrolls of remove curse {unknown}
 i - a scroll of identify {unknown}
 j - a scroll of enchant armour {unknown}
 l - a scroll of amnesia {unknown}
Potions
 e - 2 potions of brilliance {unknown}
 k - a potion of agility {unknown}
 m - a potion of resistance {unknown}
Books
 c - a book of Minor Magic

   Spells                             Type                      Level
   a - Magic Dart                     Conjuration                  1
   b - Blink                          Translocation                2
   c - Call Imp                       Summoning                    2
   d - Repel Missiles                 Charms/Air                   2
   e - Slow                           Hexes                        2
   f - Conjure Flame                  Conjuration/Fire             3
   g - Mephitic Cloud                 Conjuration/Poison/Air       3
Comestibles
 d - 2 bread rations
 f - 5 fruits


   Skills:
 * Level 0.0 Fighting
 - Level 2.1 Dodging
 - Level 1.9 Stealth
 - Level 3.6 Spellcasting
 * Level 1.0 Conjurations
 * Level 1.1 Summonings
 * Level 1.1 Translocations


You had 3 spell levels left.
You knew the following spells:

 Your Spells              Type           Power        Failure   Level  Hunger
a - Magic Dart            Conj           #...         12%         1    None
b - Blink                 Tloc           N/A          14%         2    ##.....
c - Call Imp              Summ           #.......     14%         2    ##.....


Dungeon Overview and Level Annotations

Branches:
Dungeon (2/15)

Altars:

Annotations:
D:2 Sigmund


Innate Abilities, Weirdness & Mutations

Your plain brown scales are hard (AC +4).
Your body does not fit into most forms of armour.
You are cold-blooded and may be slowed by cold attacks.


Message History

Your shadow imp barely misses Sigmund.
Sigmund points at you and mumbles some strange words.
You are confused.
Your crimson imp closely misses Sigmund.
You're too confused to cast spells.
Unknown command.
You miss Sigmund.
Sigmund is heavily wounded.
* * * LOW HITPOINT WARNING * * *
You feel sick.
Your shadow imp disappears in a puff of smoke!
Sigmund gestures wildly while chanting.
Sigmund flickers and vanishes for a moment.
Your crimson imp closely misses Sigmund.
You swing at nothing.
* * * LOW HITPOINT WARNING * * *
You feel sick. Sigmund closely misses you.
Your crimson imp misses Sigmund.
You miss Sigmund.
Sigmund is heavily wounded.
You die...

##.## #...# #...#
#...# #####...#####
#.........5.#.#....
..........@@ยง.....#
#...........#......
#####...##### #.#
#...# #...# #...#
##<## #.####
#####[...#


You could see Sigmund (invisible) and a friendly crimson imp.

Vanquished Creatures
  Jessica (D:2)
  A goblin (D:1)
  A hobgoblin (D:2)
  3 kobolds (D:1)
  3 rats
9 creatures vanquished.

Notes
Turn   | Place    | Note
--------------------------------------------------------------
     0 | D:1      | xeno23, the Draconian Wizard, began the quest for the Orb.
     0 | D:1      | Reached XP level 1. HP: 14/14 MP: 4/4
   719 | D:2      | Noticed Jessica
   724 | D:2      | Killed Jessica
   724 | D:2      | Reached XP level 2. HP: 20/20 MP: 0/6
   731 | D:2      | Learned a level 2 spell: Blink
   734 | D:2      | Learned a level 2 spell: Call Imp
   840 | D:2      | Noticed Sigmund
   859 | D:2      | Succumbed to Sigmund's poison

Action                   || total
-------------------------++-------
Melee: Club              ||    27
       Unarmed           ||     9
 Cast: Magic Dart        ||     7
       Call Imp          ||     2
